[Event "*** Titled Tuesday Blitz"]
[Site "Chess.com"]
[Date "2020.05.12"]
[Round "9"]
[White "Harsha_Bharathakoti"]
[Black "Meri-Arabidze"]
[Result "0-1"]
[WhiteElo "2783"]
[BlackElo "2598"]
[TimeControl "180+1"]
[EndTime "11:43:03 PDT"]
[Termination "Meri-Arabidze won on time"]

1. Nf3 d5 2. c4 e6 3. b3 Nf6 4. Bb2 c5 5. g3 Nc6 6. Bg2 d4 7.
O-O Bd6 8. e3 e5 9. exd4 cxd4 10. d3 O-O 11. Na3 Re8 12. Nc2 h6 13. a3 a5 14. Rb1 Bf5 15. Qd2 Qd7 16. Rfe1 Rab8 17.
b4 axb4 18. axb4 b5 19. c5 Bc7 20. Nh4 Be6 21. Ra1 Bd5 22. Ra6 Bxg2 23. Nxg2 Nd5 24. Rea1 Re6 25. Ra8 Ree8 26. Rxb8 Bxb8 27. Nh4 Qh3 28. Qe1 Nf6 29. Qf1 Qd7 30. Nf3 Nd5 31.
Qe1 Qf5 32. Nfxd4 Nxd4 33. Nxd4 Qxd3 34. Nc6 e4 35. Rd1 Qb3 36. Nxb8 e3 37. fxe3 Rxb8 38. Qd2 Nxe3 39. Re1 Nc4 40. Qd4 Qxb2 0-1

[Event "*** Titled Tuesday Blitz"]
[Site "Chess.com"]
[Date "2020.05.12"]
[Round "9"]
[White "Grineva_Marianna"]
[Black "czasnaszachy"]
[Result "1-0"]
[WhiteElo "2154"]
[BlackElo "2347"]
[TimeControl "180+1"]
[EndTime "11:43:04 PDT"]
[Termination "Grineva_Marianna won by checkmate"]

1. d4 d5 2. c4 e6 3. Nc3 c5 4. e3 Nc6 5. cxd5 exd5 6. Nf3 Nf6 7.
Bb5 a6 8. Be2 Bd6 9. O-O O-O 10.
dxc5 Bxc5 11. b3 d4 12. Na4 Ba7 13. exd4 Nxd4 14. Bb2 Nxe2+ 15. Qxe2 Re8 16. Qc2 Bd7 17. Nc3 Rc8 18. Rad1 Qc7 19. Qb1 Bg4 20. Nd5 Nxd5 21.
Rxd5 Bxf3 22. gxf3 Qf4 23. Qd3 Rc6 24. Rf5 Qc7 25.
Kh1 Bb8 26. Rh5 Rg6 27. Qf5 Qe7 28. Bd4 Qe1 29. Qh3 Qd2 30. Be3 Qd3 31. Rxh7 Bf4 32. Rh8# 1-0

[Event "*** Titled Tuesday Blitz"]
[Site "Chess.com"]
[Date "2020.05.12"]
[Round "9"]
[White "Vaathi_Coming"]
[Black "Parhamov"]
[Result "0-1"]
[WhiteElo "2862"]
[BlackElo "3016"]
[TimeControl "180+1"]
[EndTime "11:43:05 PDT"]
[Termination "Parhamov won on time"]

1. e4 e5 2. Nf3 Nc6 3. Bc4 Bc5 4. O-O Nf6 5. d3 d6 6. c3 a5 7. Bb3 O-O 8. Nbd2 h6 9. h3 Re8 10. Re1 Be6 11. Bxe6 Rxe6 12. Nf1 d5 13. Qc2 Qd7 14. Ng3 a4 15. Bd2 b5 16. b4 Bf8 17. a3 g6 18.
exd5 Nxd5 19. c4 bxc4 20. dxc4 Nf4 21. Rad1 Qd3 22. Qc1 Nxh3+ 23. gxh3 Qxf3 24. Bxh6 Nd4 25. Bxf8 Rxf8 26. Re3 Qc6 27. Qc3 f5 28. Ne2 Nb3 29.
Rxe5 Rxe5 30. Qxe5 Re8 31. Nd4 Rxe5 32. Nxc6 Re4 33.
c5 Rc4 34. Rd8+ Kg7 35. Rd7+ Kf6 36. Rxc7 f4 37. Na5 Rc1+ 38. Kg2 Nd4 39. Rd7 Ke5 40.
Re7+ Kd5 41. Rd7+ Ke5 42. c6 Nf5 43. c7 Nh4+ 44. Kh2 Ke4 45. Re7+ Kf3 46. Rf7 g5 47. b5 Kxf2 48. Rxf4+ gxf4 0-1

[Event "*** Titled Tuesday Blitz"]
[Site "Chess.com"]
[Date "2020.05.12"]
[Round "9"]
[White "beto-betun"]
[Black "MaxLeto"]
[Result "0-1"]
[WhiteElo "2136"]
[BlackElo "2324"]
[TimeControl "180+1"]
[EndTime "11:43:06 PDT"]
[Termination "MaxLeto won on time"]

1. d4 Nf6 2. Nf3 g6 3. c4 Bg7 4.
Nc3 d6 5. e4 O-O 6. Be2 e5 7.
O-O Nc6 8. d5 Ne7 9. Ne1 Nd7 10.
Be3 f5 11. f3 f4 12. Bf2 g5 13. b4 Rf6 14. c5 Rh6 15. a4 Qe8 16. h3 Qh5 17.
Kh2 Nf6 18. Rh1 g4 19. fxg4 Bxg4 20. Bf3 Qg5 21. Kg1 Bxh3 22. Nd3 Kh8 23. Nb5 Rg8 24.
cxd6 Nexd5 25. exd5 e4 26. dxc7 exf3 27. Qxf3 Bg4 28.
Qxf4 Rxh1+ 29. Kxh1 Qh5+ 0-1

[Event "*** Titled Tuesday Blitz"]
[Site "Chess.com"]
[Date "2020.05.12"]
[Round "9"]
[White "Keks2017"]
[Black "elohunter1999"]
[Result "0-1"]
[WhiteElo "2449"]
[BlackElo "2581"]
[TimeControl "180+1"]
[EndTime "11:43:07 PDT"]
[Termination "elohunter1999 won by resignation"]

1. e4 c5 2. d3 Nc6 3. g3 g6 4. Bg2 Bg7 5. f4 d6 6. Nf3 e6 7. O-O Nge7 8. c3 O-O 9. Be3 b6 10. Bf2 Bb7 11. Re1 Qd7 12. a4 Rae8 13. Na3 f5 14.
Nc4 h6 15. Qb3 Kh7 16. a5 Nxa5 17. Nxa5 bxa5 18. Rxa5 a6 19. Raa1 Rb8 20. Qa3 Nc6 21. Rad1 Qc7 22. exf5 exf5 23. d4 cxd4 24. cxd4 Ne7 25.
Rc1 Qd7 26. Qa5 Nd5 27. Nh4 Qf7 28. Qa3 Qd7 29. Nf3 Rbc8 30. h3 Nf6 31. Nd2 Bxg2 32.
Kxg2 Qb7+ 33. Kh2 Rc6 34. Rxc6 Qxc6 35. Qc3 Qd5 36. Qb3 Qxb3 37. Nxb3 Ne4 38. Be3 Rb8 39. Na5 Rxb2+ 40. Kg1 Nxg3 41. Nc4 Re2 42. Rxe2 Nxe2+ 43. Kf2 Nxd4 44. Nxd6 a5 45. Nb5 Nxb5 0-1

[Event "*** Titled Tuesday Blitz"]
[Site "Chess.com"]
[Date "2020.05.12"]
[Round "9"]
[White "sergeikim"]
[Black "korbul"]
[Result "1-0"]
[WhiteElo "2445"]
[BlackElo "2552"]
[TimeControl "180+1"]
[EndTime "11:43:07 PDT"]
[Termination "sergeikim won by resignation"]

1. d4 Nf6 2. c4 e6 3. Nc3 Bb4 4. Qc2 O-O 5. a3 Bxc3+ 6. Qxc3 b6 7. Nf3 Bb7 8. g3 a5 9. b3 d6 10. Bg2 Be4 11. O-O Nbd7 12. Bb2 Qb8 13. Bh3 h6 14. Nd2 Bg6 15. f3 d5 16. Bg2 Qb7 17. Rae1 c5 18. e4 cxd4 19. Qxd4 e5 20. Qe3 d4 21. Qe2 Ne8 22. f4 f6 23. Qg4 Bf7 24. Nf3 Nd6 25.
Bc1 Kh8 26. fxe5 fxe5 27. Qh4 Bg6 28. Bxh6 gxh6 29. Qxh6+ Bh7 30. Ng5 Rxf1+ 31. Rxf1 Nc5 32. Qxd6 Qg7 33. Nf7+ Kg8 34. Qd5 Rf8 35. Nxe5+ Kh8 36.
Rxf8+ Qxf8 37. Qxd4 Nxb3 38. Ng6+ Kg8 39. Qh8+ Kf7 40. Qxf8+ Kxg6 41. e5 1-0

[Event "*** Titled Tuesday Blitz"]
[Site "Chess.com"]
[Date "2020.05.12"]
[Round "9"]
[White "Caisachess"]
[Black "Mikedannnn"]
[Result "1-0"]
[WhiteElo "2336"]
[BlackElo "2453"]
[TimeControl "180+1"]
[EndTime "11:43:07 PDT"]
[Termination "Caisachess won by checkmate"]

1. e4 c5 2. c3 d6 3. d4 Nf6 4.
Bd3 Nc6 5. Nf3 g6 6. h3 Bg7 7.
O-O O-O 8. Re1 Nd7 9. Be3 a6 10. d5 Nce5 11. Nxe5 Nxe5 12. Bf1 b5 13. a4 Rb8 14. axb5 axb5 15. Nd2 b4 16. c4 Bb7 17. f4 Nd7 18. Qc2 Ra8 19. Nf3 Qb6 20. Bf2 b3 21.
Qd2 Ra2 22. Rab1 Qa5 23. Qxa5 Rxa5 24. e5 Rb8 25. Bh4 dxe5 26. fxe5 e6 27. Rbd1 Nb6 28. dxe6 fxe6 29. Rd6 Bxf3 30. gxf3 Na4 31. Rxe6 Nxb2 32. Bf6 Na4 33. Re7 Bh6 34. f4 b2 35. Bg2 Nc3 36.
e6 b1=Q 37. Bxc3 Qc2 38. Bxa5 Rb2 39. Re8+ Kg7 40. Re7+ Kf8 41. Rf7+ Ke8 42. Bc6# 1-0

[Event "*** Titled Tuesday Blitz"]
[Site "Chess.com"]
[Date "2020.05.12"]
[Round "9"]
[White "chesslh19"]
[Black "BhulseATX"]
[Result "1-0"]
[WhiteElo "2190"]
[BlackElo "1974"]
[TimeControl "180+1"]
[EndTime "11:43:07 PDT"]
[Termination "chesslh19 won on time"]

1. e4 c6 2. d4 d5 3. Nd2 dxe4 4.
Nxe4 Nd7 5. Ng5 Ngf6 6. Bd3 e6 7. N1f3 Bd6 8. Qe2 h6 9. Ne4 Nxe4 10. Qxe4 Nf6 11.
Qe2 O-O 12. Bd2 c5 13. O-O-O b6 14. dxc5 bxc5 15. Ne5 Qc7 16. f4 a5 17. g4 Nd5 18.
h4 f6 19. Ng6 Nxf4 20. Bxf4 Bxf4+ 21. Kb1 Bd7 22. Nxf8 Rxf8 23. Bc4 Re8 24. Rhe1 Bc8 25.
Qe4 Be5 26. g5 Qb6 27. c3 Bxc3 28. Re2 Be5 29. gxf6 Bxf6 30. Qg6 1-0

[Event "*** Titled Tuesday Blitz"]
[Site "Chess.com"]
[Date "2020.05.12"]
[Round "9"]
[White "AliKa2810"]
[Black "cassoulet"]
[Result "1-0"]
[WhiteElo "2552"]
[BlackElo "2648"]
[TimeControl "180+1"]
[EndTime "11:43:08 PDT"]
[Termination "AliKa2810 won on time"]

1. d4 Nf6 2. c4 g6 3. Nc3 Bg7 4. e4 d6 5. Be2 O-O 6. Be3 Nbd7 7. h4 c5 8. Nf3 Qa5 9. O-O Ng4 10. Bd2 cxd4 11.
Nb5 Qb6 12. Nfxd4 Nxf2 13. Rxf2 Bxd4 14. Nxd4 Qxd4 15. Bc3 Qxe4 16. h5 Ne5 17. Qf1 Be6 18.
Re1 Qh4 19. c5 Rac8 20. cxd6 exd6 21. Rf4 Qg3 22. Rd1 Rxc3 23. bxc3 Qxc3 24. Qf2 Qa3 25. h6 Qxa2 26. Ra4 Qb2 27. Rb4 Qc3 28. Rxb7 Ng4 29.
Bxg4 Bxg4 30. Re1 Be6 31. Re3 Qa1+ 32. Kh2 Bd5 33. Rb2 Qa4 34. Qf6 Qh4+ 35. Qxh4 1-0

[Event "*** Titled Tuesday Blitz"]
[Site "Chess.com"]
[Date "2020.05.12"]
[Round "9"]
[White "Kolle05"]
[Black "GianmarcoVaR"]
[Result "1-0"]
[WhiteElo "2408"]
[BlackElo "2524"]
[TimeControl "180+1"]
[EndTime "11:43:08 PDT"]
[Termination "Kolle05 won on time"]

1. e4 c6 2. Nc3 d5 3. Nf3 dxe4 4. Nxe4 Nf6 5. Qe2 Nxe4 6. Qxe4 Qd5 7. Qf4 Qf5 8. Qe3 Qe6 9. d4 Qxe3+ 10. Bxe3 Bf5 11. O-O-O e6 12. Nh4 Bg4 13. f3 Bh5 14. g4 Bg6 15.
Nxg6 hxg6 16. h3 Nd7 17. f4 O-O-O 18. Bg2 Nf6 19. c4 Bd6 20. Kc2 Bc7 21. b4 b6 22.
Bxc6 Kb8 23. a4 Bd6 24. Kb3 Rc8 25. Bg2 a5 26. bxa5 bxa5 27. c5 Bc7 28. Kc4 Ka7 29.
Rb1 Rb8 30. Rb5 Rhd8 31. Rhb1 Nd5 32. Bd2 Ka6 33. Bxa5 Bxa5 34. Rxb8 Rxb8 35. Rxb8 Ne3+ 36. Kd3 Nxg2 37. Ra8+ Kb7 38. Rxa5 Nxf4+ 39. Ke4 Nxh3 40. Rb5+ Kc6 41. Rb6+ Kc7 42. a5 Nf2+ 43. Kf3 Nd1 44. a6 Nc3 45. a7 1-0

[Event "*** Titled Tuesday Blitz"]
[Site "Chess.com"]
[Date "2020.05.12"]
[Round "9"]
[White "IMTominho"]
[Black "moro182"]
[Result "1-0"]
[WhiteElo "2835"]
[BlackElo "2684"]
[TimeControl "180+1"]
[EndTime "11:43:09 PDT"]
[Termination "IMTominho won on time"]

1. d4 Nf6 2. Bg5 e6 3. Nd2 d5 4. Ngf3 Be7 5. e3 Nbd7 6. Bd3 b6 7. O-O Bb7 8. c4 O-O 9. cxd5 exd5 10. Rc1 h6 11.
Bh4 c5 12. dxc5 bxc5 13. Bf5 a5 14. Qa4 Nb6 15. Qc2 Nfd7 16. Bg3 a4 17. Rfd1 Re8 18. Bh7+ Kh8 19. Bd3 Nf6 20. Ne5 Kg8 21. Bh4 d4 22. Bb5 Qd5 23. Ndf3 Rec8 24. Qe2 c4 25. Bxc4 Nxc4 26.
Nxc4 Qh5 27. Rxd4 Rd8 28. Bg3 Ne4 29. Rxd8+ Rxd8 30. Nd4 Qg6 31. Ne5 Qf6 32. Nec6 Re8 33. Qb5 Bxc6 34. Qxc6 1-0

[Event "*** Titled Tuesday Blitz"]
[Site "Chess.com"]
[Date "2020.05.12"]
[Round "9"]
[White "Munkhzul_Turmunkh"]
[Black "tacticthunder"]
[Result "0-1"]
[WhiteElo "2494"]
[BlackElo "2621"]
[TimeControl "180+1"]
[EndTime "11:43:10 PDT"]
[Termination "tacticthunder won by checkmate"]

1. e4 c5 2. Nf3 Nc6 3. d4 cxd4 4. Nxd4 Nf6 5. Nc3 d6 6. Bg5 e6 7.
Qd2 a6 8. O-O-O Be7 9. f4 Nxd4 10. Qxd4 b5 11. e5 dxe5 12. Qxe5 Qb6 13. Be2 Bb7 14. Rd2 h6 15. Bh4 O-O 16. Rhd1 Rad8 17. Bd3 b4 18. Bf2 Qc6 19. Nb1 Ng4 20. Qe2 Nxf2 21. Qxf2 Bc5 22.
Qg3 Kh8 23. c3 a5 24. c4 Qb6 25. Re2 a4 26. Nd2 a3 27. b3 Bd4 28. Ne4 f5 29. Nd2 Bb2+ 30. Kb1 Bf6 31. Nf3 Bxf3 32. Qxf3 Qd4 33.
Kc1 Qa1+ 34. Kd2 Qc3+ 35. Ke3 Bd4# 0-1

[Event "*** Titled Tuesday Blitz"]
[Site "Chess.com"]
[Date "2020.05.12"]
[Round "9"]
[White "frankshar"]
[Black "babyking1205"]
[Result "0-1"]
[WhiteElo "2347"]
[BlackElo "2484"]
[TimeControl "180+1"]
[EndTime "11:43:10 PDT"]
[Termination "babyking1205 won by resignation"]

1. d4 Nf6 2. c4 c5 3. d5 b5 4. cxb5 a6 5. e3 e6 6. Nc3 exd5 7.
Nxd5 Bb7 8. Nc3 axb5 9. Nxb5 d5 10. Nf3 Be7 11. Be2 O-O 12. O-O Nc6 13. Nc3 d4 14. exd4 Nxd4 15. Be3 Nxe2+ 16. Qxe2 Ba6 17. Nb5 Qa5 18.
a4 Nd5 19. Bd2 Qb6 20. Ne5 Rad8 21. Nc4 Bxb5 22. axb5 Qxb5 23. Ra5 Qb3 24. Ra3 Qb5 25. Ra5 Qb7 26. Qf3 Qc7 27. Rfa1 Bf6 28. Ra7 Qc6 29.
Re1 Qb5 30. b3 Nb4 31. Bxb4 Qxb4 32. Rb1 Rd4 33. g3 Rxc4 34. Rb7 Rc3 35. Qd5 Qd4 36. Rd1 Qxd5 37. Rxd5 Bd4 0-1

[Event "*** Titled Tuesday Blitz"]
[Site "Chess.com"]
[Date "2020.05.12"]
[Round "9"]
[White "VladDobrov"]
[Black "GelmanAlexander"]
[Result "0-1"]
[WhiteElo "2759"]
[BlackElo "2596"]
[TimeControl "180+1"]
[EndTime "11:43:11 PDT"]
[Termination "GelmanAlexander won on time"]

1. d4 Nf6 2. c4 c5 3. d5 b5 4. Qc2 b4 5. e4 d6 6. a3 Nbd7 7.
f4 g6 8. Nf3 Bg7 9. Bd3 O-O 10. O-O e6 11. dxe6 fxe6 12. f5 Ne5 13. fxg6 Nxg6 14. Bg5 Qb6 15. Nbd2 e5 16. Kh1 a5 17.
Nh4 Nxh4 18. Bxh4 Be6 19. Nf3 Nh5 20. Ng5 Bd7 21. Be2 Nf4 22. Rad1 b3 23. Qd2 h6 24. Nf3 Qc6 25. Qxd6 Nxe2 26. Qxd7 Qxe4 27. Rde1 Qxc4 28. Qc6 e4 29. Nd2 Qd3 30. Qxe4 Rxf1+ 0-1

[Event "*** Titled Tuesday Blitz"]
[Site "Chess.com"]
[Date "2020.05.12"]
[Round "9"]
[White "Mizner"]
[Black "maciek_92"]
[Result "1-0"]
[WhiteElo "2537"]
[BlackElo "2633"]
[TimeControl "180+1"]
[EndTime "11:43:11 PDT"]
[Termination "Mizner won by resignation"]

1. d4 f5 2. c4 Nf6 3. Nc3 e6 4. g3 Bb4 5. Bd2 O-O 6. Bg2 Nc6 7. Nf3 d6 8. d5 Ne5 9. Nxe5 dxe5 10. Qb3 Bxc3 11.
Bxc3 e4 12. dxe6 Bxe6 13. Qxb7 Bxc4 14. Rd1 Qc8 15. Qxc8 Raxc8 16. b3 Ba6 17. Bh3 g6 18.
Rd4 c5 19. Rd6 c4 20. Rxf6 cxb3 21. Rxf8+ Kxf8 22. Kd2 bxa2 23. Ra1 Bc4 24. Bf1 Rb8 25. e3 Bxf1 26. Rxf1 Rb1 27. Rc1 g5 28. Kc2 Rxc1+ 29. Kxc1 Kf7 30. Kb2 Kg6 31. Kxa2 Kh5 32. h3 Kg6 33. Kb3 f4 34. Kc4 h5 35. Kd5 Kf5 36.
Bd2 a5 37. Bxa5 g4 38. h4 1-0

[Event "*** Titled Tuesday Blitz"]
[Site "Chess.com"]
[Date "2020.05.12"]
[Round "9"]
[White "ezkybel"]
[Black "1977Ivan"]
[Result "1-0"]
[WhiteElo "2532"]
[BlackElo "2624"]
[TimeControl "180+1"]
[EndTime "11:43:11 PDT"]
[Termination "ezkybel won on time"]

1. e4 c5 2. Nf3 e6 3. d4 cxd4 4.
Nxd4 Nc6 5. Nc3 Qc7 6. Ndb5 Qb8 7. Be2 Nf6 8. O-O Be7 9. Bg5 O-O 10. f4 a6 11. e5 Nxe5 12. fxe5 Qxe5 13. Bf4 Qc5+ 14. Nd4 e5 15. Be3 exd4 16. Bxd4 Qg5 17. Rf3 d5 18. Qd3 h5 19. Raf1 Be6 20. Rg3 Qh4 21. Be3 Ng4 22.
Rh3 Ne5 23. Rxh4 Nxd3 24. Rxh5 Nxb2 25. Bd4 Rfd8 26. Rb1 Nc4 27. Rxb7 Bf8 28. Bd3 f5 29. Rg5 Rd7 30. Rxd7 Bxd7 31. Nxd5 Bb5 32. a4 Rd8 33. axb5 axb5 34. Bxf5 Kf7 35. c3 Rxd5 36. Bg6+ Ke6 37. Bf7+ Kxf7 38. Rxd5 Nd6 39. Bc5 Ne4 40. Bxf8 Kxf8 41.
Rxb5 Nxc3 42. Rb7 Ne4 43. h4 Kg8 44. g4 Kh7 45. Kg2 Kh6 46. Kf3 Nc5 47. Rb6+ Kh7 48. g5 Nd7 49. Rb7 Ne5+ 50. Kg3 Ng6 51. h5 Ne5 52. h6 1-0

[Event "*** Titled Tuesday Blitz"]
[Site "Chess.com"]
[Date "2020.05.12"]
[Round "9"]
[White "salomez"]
[Black "NormWeinstein"]
[Result "0-1"]
[WhiteElo "2243"]
[BlackElo "2417"]
[TimeControl "180+1"]
[EndTime "11:43:11 PDT"]
[Termination "NormWeinstein won on time"]

1. e4 c5 2. Nf3 d6 3. d4 Nf6 4.
Nc3 cxd4 5. Nxd4 Nc6 6. Be3 Ng4 7. Bb5 Bd7 8. Nxc6 bxc6 9. Bxc6 Nxe3 10. Bxd7+ Qxd7 11. fxe3 Rb8 12. b3 g6 13. Qd3 Bg7 14. Rd1 O-O 15. Nd5 e6 16. Nf4 Rfd8 17. O-O a5 18. c4 a4 19. c5 axb3 20. axb3 Be5 21. cxd6 Rb6 22. Qc2 Rxd6 23. Rxd6 Qxd6 24. Qf2 Rd7 25. h4 Qb4 26. h5 Kg7 27. Qg3 Qxe4 28. Rf3 Rb7 29. Qh4 Rb8 30. h6+ Kg8 31. Qe7 Qb7 32. Qc5 Qc7 33. Qxc7 Bxc7 0-1

[Event "*** Titled Tuesday Blitz"]
[Site "Chess.com"]
[Date "2020.05.12"]
[Round "9"]
[White "SGchess01"]
[Black "mirceaparligras"]
[Result "1-0"]
[WhiteElo "2756"]
[BlackElo "2574"]
[TimeControl "180+1"]
[EndTime "11:43:12 PDT"]
[Termination "SGchess01 won by resignation"]

1. d4 Nf6 2. Bf4 d5 3. e3 c5 4. Nc3 cxd4 5. exd4 a6 6. Nf3 Nc6 7. Ne5 e6 8. Nxc6 bxc6 9. Na4 Be7 10. Bd3 O-O 11. O-O a5 12. Re1 Ba6 13. Bxa6 Rxa6 14. Rc1 Ra7 15. c4 dxc4 16. Rxc4 Qd5 17. b3 Rd8 18.
Qc2 Ra6 19. h3 h6 20. Rc1 Ba3 21. Re1 Bb4 22. Re5 Qd7 23. Bd2 Qa7 24. Bxb4 axb4 25. Rec5 Nd5 26. h4 Qe7 27. g3 Qf6 28. Kg2 h5 29.
Qe2 g6 30. Qe4 Nc3 31. Nxc3 bxc3 32. a4 Rb6 33. b4 c2 34. Qxc2 Rxd4 35. Qb2 e5 36.
Rxd4 exd4 37. a5 Ra6 38. Qe2 Ra8 39. Qe4 Rc8 40. b5 d3 41. Qxd3 Qe7 42. Rxc6 Rxc6 43. bxc6 Qc5 44. Qd7 Qxa5 45. c7 Qa8+ 46. Kh2 1-0

[Event "*** Titled Tuesday Blitz"]
[Site "Chess.com"]
[Date "2020.05.12"]
[Round "9"]
[White "Sergey85Rodchenkov"]
[Black "vanea_03"]
[Result "0-1"]
[WhiteElo "2505"]
[BlackElo "2630"]
[TimeControl "180+1"]
[EndTime "11:43:12 PDT"]
[Termination "vanea_03 won by resignation"]

1. e4 e5 2. Nf3 Nc6 3. Bc4 Nf6 4.
d3 Bc5 5. c3 a6 6. O-O Ba7 7.
Nbd2 O-O 8. Bb3 d6 9. h3 h6 10. Re1 Re8 11. Nf1 Be6 12. Ng3 d5 13. Qe2 Qd7 14. Bc2 Rad8 15. Nh4 Ne7 16. Qf3 Kh7 17. Be3 Bxe3 18. Rxe3 d4 19. Ree1 Nfg8 20. Bb3 Bxb3 21. axb3 Qe6 22. b4 g6 23. Qe2 Nf6 24. Nf3 Nc6 25.
Qc2 Re7 26. Ne2 Nh5 27. cxd4 exd4 28. Qc5 Qd6 29. Rec1 Nxb4 30. Qc4 Nc6 31. Rab1 Qe6 32. Qc5 Qd6 33. Qc4 Nf4 34. Nxf4 Qxf4 35. b4 Ne5 36.
Nxe5 Qxe5 37. b5 axb5 38. Rxb5 Qf4 39. Rxb7 Rd6 40. Rxc7 Rxc7 41. Qxc7 Rf6 42. Rf1 Qxc7 0-1

[Event "*** Titled Tuesday Blitz"]
[Site "Chess.com"]
[Date "2020.05.12"]
[Round "9"]
[White "26andrej26"]
[Black "Kopytkin"]
[Result "0-1"]
[WhiteElo "2457"]
[BlackElo "2357"]
[TimeControl "180+1"]
[EndTime "11:43:12 PDT"]
[Termination "Kopytkin won on time"]

1. e4 Nf6 2. e5 Nd5 3. d4 d6 4.
c4 Nb6 5. f4 dxe5 6. fxe5 c5 7.
d5 e6 8. Nc3 exd5 9. cxd5 c4 10. Be3 Bb4 11. d6 O-O 12. Nf3 Nc6 13. Kf2 Bg4 14.
Nd5 Ba5 15. Bf4 Nxd5 16. Qxd5 Qb6+ 17. Kg3 Be6 18. Qe4 Rae8 19. Ng5 g6 20. Nxe6 Rxe6 21.
Bxc4 Ree8 22. Bb3 Qd4 23. Qxd4 Nxd4 24. Bh6 Nf5+ 25. Kf4 Nxh6 26. g4 Kg7 27. Rad1 Bb6 28. Rhe1 Bf2 29. Re2 Bh4 30. g5 Nf5 31. Kg4 h6 32.
gxh6+ Kxh6 33. d7 Rd8 34. e6 fxe6 35. Rxe6 Bg5 36. Bc2 Ne3+ 37. Kg3 Nxc2 0-1

[Event "*** Titled Tuesday Blitz"]
[Site "Chess.com"]
[Date "2020.05.12"]
[Round "9"]
[White "ZeZacarias"]
[Black "BikingBrian"]
[Result "1-0"]
[WhiteElo "2068"]
[BlackElo "2213"]
[TimeControl "180+1"]
[EndTime "11:43:12 PDT"]
[Termination "ZeZacarias won by resignation"]

1. d4 Nf6 2. c4 g6 3. Nc3 Bg7 4. e4 d6 5. Nf3 O-O 6. h3 e5 7. d5 Na6 8. g4 Nc5 9. Qc2 a5 10. Bg5 h6 11. Be3 c6 12. Be2 cxd5 13. cxd5 a4 14. O-O-O Bd7 15. Bxc5 dxc5 16. g5 Ne8 17. gxh6 Bxh6+ 18. Kb1 Qe7 19. d6 Nxd6 20. Nd5 Qd8 21. Nxe5 Nxe4 22. Nxd7 Nxf2 23. Bc4 Nxh1 24. Rxh1 Bg7 25.
N5b6 Qh4 26. Qxg6 Qxc4 27. Qxg7+ Kxg7 28. Nxc4 Rfd8 29. Rg1+ Kh6 30. Nce5 f6 31. Nf7+ Kh5 32. Nxd8 Rxd8 33. Nxf6+ Kh4 34. Ne4 c4 35. Nf2 Rd2 36. Rg4+ Kh5 37. Ne4 Rh2 38. Ng3+ Kh6 39. h4 b5 40.
Nf5+ Kh7 41. Rg7+ Kh8 42. Rb7 a3 43. Rxb5 axb2 44. Rxb2 Rxh4 45. Nxh4 1-0

[Event "*** Titled Tuesday Blitz"]
[Site "Chess.com"]
[Date "2020.05.12"]
[Round "9"]
[White "AsaHoffmann"]
[Black "HanSchut"]
[Result "1-0"]
[WhiteElo "2381"]
[BlackElo "2216"]
[TimeControl "180+1"]
[EndTime "11:43:13 PDT"]
[Termination "AsaHoffmann won by resignation"]

1. d4 d5 2. Bg5 Nf6 3. Nd2 c5 4. e3 cxd4 5. exd4 Qb6 6. Nb3 Ne4 7. Be3 e6 8. Nf3 Bb4+ 9. c3 Nxc3 10. bxc3 Bxc3+ 11. Bd2 Bxa1 12. Qxa1 Bd7 13. Bd3 Bb5 14.
Qb1 Nc6 15. O-O Bxd3 16. Qxd3 h6 17. Nc5 Qc7 18. Re1 O-O 19. g3 Rac8 20. Bf4 Qe7 21. h4 Nxd4 22. Nxd4 Qxc5 23. Nf3 Qc2 24. Qb5 b6 25.
Ne5 Qxa2 26. Qd7 Rc2 27. Rf1 a5 28. Ng4 Qb2 29. Qe7 Qb4 30. Bd6 Rfc8 31. Bxb4 axb4 32.
Ne5 R2c7 33. Qxb4 f6 34. Nf3 Rc6 35. Nd4 Rc4 36. Qxb6 Kf7 37. Qxe6+ Kg6 1-0

[Event "*** Titled Tuesday Blitz"]
[Site "Chess.com"]
[Date "2020.05.12"]
[Round "9"]
[White "MiroVlasenko"]
[Black "TERMINATOR_PC"]
[Result "1-0"]
[WhiteElo "2613"]
[BlackElo "2472"]
[TimeControl "180+1"]
[EndTime "11:43:14 PDT"]
[Termination "MiroVlasenko won on time"]

1. d4 Nf6 2. Bg5 d5 3. e3 c5 4. c3 Nc6 5. Bxf6 gxf6 6. dxc5 e5 7. b4 a5 8. Bb5 Rg8 9. g3 Bg4 10. Qc2 h5 11. Nd2 h4 12. Ngf3 h3 13. Nh4 Bd7 14.
Qb3 Be6 15. Qb2 Bh6 16. Rd1 Kf8 17. f4 d4 18. cxd4 exd4 19. Ndf3 Nxb4 20. Rxd4 Qc7 21. Qc3 Rc8 22. a3 Qxc5 23. Qxc5+ Rxc5 24. axb4 Rxb5 25. O-O axb4 26. Rb1 b3 27. Rd6 Ke7 28. Rd2 Rc8 29. Nd4 Rb4 30. Rbb2 Bg7 31. Nhf5+ Kf8 32. Kf2 Rc3 33.
Ke2 Bc4+ 34. Kf3 b5 35. Nd6 Bd5+ 36. Kg4 f5+ 37. Kxf5 Bxd4 38. exd4 Ra4 39. Nxb5 Rf3 40. Ke5 Bc4 41. Nd6 Ra5+ 42. d5 1-0

[Event "*** Titled Tuesday Blitz"]
[Site "Chess.com"]
[Date "2020.05.12"]
[Round "9"]
[White "mariangie523"]
[Black "freshfoodcompany"]
[Result "1-0"]
[WhiteElo "2071"]
[BlackElo "2219"]
[TimeControl "180+1"]
[EndTime "11:43:14 PDT"]
[Termination "mariangie523 won on time"]

1. e4 c5 2. Nf3 Nc6 3. d4 cxd4 4. Nxd4 Nf6 5. f3 e5 6. Nb5 d6 7. c4 a6 8. N5a3 Be6 9. Nc3 Nd4 10. Be3 Qb6 11. Qd2 Qb4 12. O-O-O Nc6 13. Nc2 Qa5 14. Kb1 Be7 15. Qf2 Nd7 16. g3 O-O 17. Nd5 Bxd5 18. cxd5 Nb4 19. Nxb4 Qxb4 20. Rd3 Qa5 21. Bh3 Rfd8 22.
Ra3 Qb5 23. Rb3 Qa5 24. Rxb7 Nc5 25. Bxc5 Bg5 26. Bb6 Qb5 27. Bxd8 Qxb7 28. Bxg5 Rb8 29. Rc1 h6 30. Be3 Kh7 31. f4 exf4 32. gxf4 g6 33.
f5 Qb4 34. fxg6+ fxg6 35. Qf7+ Kh8 36. Qf6+ 1-0

[Event "*** Titled Tuesday Blitz"]
[Site "Chess.com"]
[Date "2020.05.12"]
[Round "9"]
[White "serhanberat_ozdemir"]
[Black "Aygehovit1992"]
[Result "0-1"]
[WhiteElo "2521"]
[BlackElo "2691"]
[TimeControl "180+1"]
[EndTime "11:43:15 PDT"]
[Termination "Aygehovit1992 won on time"]

1. e4 d6 2. d4 g6 3. Nc3 Bg7 4. Nf3 Nf6 5. Be3 O-O 6. Qd2 Bg4 7. Ng5 e5 8. h3 exd4 9. Bxd4 Bd7 10. O-O-O Nc6 11.
Be3 Re8 12. Bd3 b5 13. Bxb5 Rb8 14. Bc4 Ne5 15. Bb3 h6 16. Nxf7 Nxf7 17. Bxh6 Be6 18. Bxg7 Kxg7 19. f3 Bxb3 20. axb3 c6 21. g4 Qa5 22. Kb1 Rb6 23. Qd4 Qe5 24. Qa4 a5 25. h4 Rc8 26. h5 Rb4 27. Qa3 g5 28. Na2 Rb5 29. Qa4 d5 30. Qd4 Qxd4 31. Rxd4 Ne5 32.
h6+ Kh7 33. Nc3 Rb4 0-1

[Event "*** Titled Tuesday Blitz"]
[Site "Chess.com"]
[Date "2020.05.12"]
[Round "9"]
[White "EvgenyRomanov"]
[Black "Mikhail_Golubev"]
[Result "1-0"]
[WhiteElo "2645"]
[BlackElo "2518"]
[TimeControl "180+1"]
[EndTime "11:43:15 PDT"]
[Termination "EvgenyRomanov won on time"]

1. b3 d6 2. Bb2 Nd7 3. c4 Ngf6 4.
d4 g6 5. Nf3 Bg7 6. Qc2 O-O 7.
Nbd2 Re8 8. e3 e5 9. Bd3 b6 10.
Rd1 Bb7 11. dxe5 dxe5 12. Ne4 Nxe4 13. Bxe4 Bxe4 14. Qxe4 Qe7 15. O-O Nc5 16. Qc6 e4 17. Bxg7 exf3 18. Bf6 Qe4 19. Qxe4 Nxe4 20. Bb2 fxg2 21.
Kxg2 Rad8 22. Kf3 Nd2+ 23. Ke2 Nxf1 24. Rxf1 Re4 25. Rc1 c6 26. h4 h5 27. Kf3 f5 28.
Ke2 Kf7 29. Rh1 f4 30. Kf3 Rde8 31. exf4 Re2 32. Be5 Rxa2 33. Rd1 Ra3 34. Rd6 Rxb3+ 35. Ke4 Re6 36. Rd7+ Ke8 37. Rxa7 Rh3 38. f5 Rxh4+ 39. f4 Re7 40. Ra6 gxf5+ 41. Kxf5 Rb7 42. Ke6 Re7+ 43. Kd6 Rd7+ 44. Kxc6 1-0

[Event "*** Titled Tuesday Blitz"]
[Site "Chess.com"]
[Date "2020.05.12"]
[Round "9"]
[White "noblerone"]
[Black "Escanor89"]
[Result "1-0"]
[WhiteElo "2446"]
[BlackElo "2552"]
[TimeControl "180+1"]
[EndTime "11:43:16 PDT"]
[Termination "noblerone won by resignation"]

1. d4 Nf6 2. Bg5 Ne4 3. h4 c5 4. c3 Qb6 5. Qc2 d5 6. Nf3 Nc6 7.
e3 Bf5 8. Qb3 c4 9. Qxb6 axb6 10.
Nbd2 b5 11. a3 b4 12. cxb4 Nxb4 13. Rc1 Nc6 14. Nxe4 Bxe4 15. Be2 e6 16. O-O Bd6 17. h5 h6 18. Bh4 O-O 19. Nd2 Bh7 20. Nb1 b5 21. Nc3 Rfb8 22. Ra1 b4 23. axb4 Nxb4 24. Rfc1 Bd3 25. Bf3 Nc6 26. Nd1 Na5 27. Nc3 Nb3 28. Rxa8 Rxa8 29. Re1 Nd2 30. e4 dxe4 31. Bxe4 Nxe4 32.
Nxe4 Bb4 33. Nc3 Rb8 34. Bg3 Rd8 35. Be5 f6 36. Bg3 Kf7 37. Ra1 Rxd4 38. Ra7+ Be7 39. Rb7 Be4 40. Nxe4 Rxe4 41. Bd6 Re3 42. fxe3 1-0